 Dungeon Crawl Stone Soup version 0.27-a0-291-gd9602db6ee (webtiles) character file.

Game seed: 15353847311528868373

17 hehateme the Chopper (level 2, 0/24 HPs)
             Began as a Demigod Wanderer on Feb 9, 2021.
             Hit by a stone thrown by a kobold (1 damage)
             ... on level 1 of the Dungeon.
             The game lasted 00:00:49 (296 turns).

hehateme the Chopper (Demigod Wanderer)              Turns: 296, Time: 00:00:50

Health: 0/24       AC:  2    Str: 16    XL:     2   Next: 30%
Magic:  4/4        EV: 11    Int: 15    God:
Gold:   23         SH:  0    Dex: 15    Spells: 1/1 levels left

rFire    . . .     SeeInvis .   a - +2 quarterstaff
rCold    . . .     Faith    .   (shield currently unavailable)
rNeg     . . .     Spirit   .   d - +0 robe
rPois    .         Reflect  .   (no helmet)
rElec    .         Harm     .   (no cloak)
rCorr    .         Rampage  .   (no gloves)
Will     .....                  (no boots)
Stlth    +.........             (no amulet)
HPRegen  0.08/turn              (no ring)
MPRegen  0.09/turn              (no ring)

@: no status effects
A: high mp 1
a: no special abilities


You were on level 1 of the Dungeon.
You visited 1 branch of the dungeon, and saw 1 of its levels.

You collected 23 gold pieces.

Inventory:

Hand Weapons
 a - a +2 quarterstaff (weapon)
 b - a +0 falchion
 c - a +0 hand axe
Missiles
 Q - 10 stones (quivered)
Armour
 d - a +0 robe (worn)
Scrolls
 f - a scroll of remove curse {unknown}
Potions
 e - a potion of might {unknown}


   Skills:
 + Level 2.1 Fighting
 - Level 2.6 Axes
 * Level 1.8 Staves
 - Level 1.0 Throwing
 + Level 2.0 Armour
 - Level 1.0 Evocations


You had one spell level left.
You didn't know any spells.
Your spell library was empty.

Dungeon Overview and Level Annotations

Branches:
Dungeon (1/15)


Innate Abilities, Weirdness & Mutations

You have an increased reservoir of magic. (+10% MP)


Message History

* * * LOW HITPOINT WARNING * * *
The kobold hits you with a +0 whip.
* * * LOW HITPOINT WARNING * * *
You take 6 damage, and have 5/24 hp.
GAME OVER YEAH!!
The bat closely misses you. The leopard gecko closely misses you.
The kobold closely misses you. The leopard gecko closely misses you.
The kobold hits you but does no damage. The leopard gecko barely misses you.
The leopard gecko bites you.
* * * LOW HITPOINT WARNING * * *
You take 2 damage, and have 3/24 hp.
You hit the leopard gecko. The leopard gecko bites you.
* * * LOW HITPOINT WARNING * * *
You take 3 damage, and have 1/24 hp.
You sock the leopard gecko!
You kill the leopard gecko!
You hit the kobold but do no damage. The kobold misses you.
The kobold throws a stone.
The stone hits you.
You die...

#.......... +⌠<⌠+ .........
####⌠## ....... ##..##..#+#. .
..... ...#....... ..# ...
..........# #...# #.#
..#####...# ......##.#####
#.###....##
#.........##########.##..####
##....###.bK.@.......##.##
###.>.########..###÷##.####..
#.....#####...............#
.....................######
....###..........#....#
.....###.†...##........###
......##....#######.......####
.......#.# ##..#.......
.....###.### #.....##.##

Skill      XL: |  1 |
---------------+----+-----
Armour         | 2 |  2.0
Fighting       | 2 |  2.1
Axes           | |  2.6
Staves         | |  1.8
Throwing       | |  1.0
Evocations     | |  1.0

Notes
Turn   | Place    | Note
-------+----------+-------------------------------------------
     0 | D:1      | hehateme the Demigod Wanderer began the quest for the Orb.
     0 | D:1      | hehateme set off with the following items: a +2
                  | quarterstaff, a +0 falchion, a +0 hand axe, a +0 robe
     0 | D:1      | Reached XP level 1. HP: 17/17 MP: 3/3
   110 | D:1      | Reached skill level 2 in Armour
   112 | D:1      | Reached skill level 2 in Fighting
   201 | D:1      | Reached XP level 2. HP: 21/24 MP: 4/4
   284 | D:1      | HP: 5/24 [kobold/+0 whip (3)]
   291 | D:1      | HP: 3/24 [leopard gecko (2)]
   293 | D:1      | HP: 1/24 [leopard gecko (3)]
   296 | D:1      | Hit by a stone thrown by a kobold

Table legend: (Time is in decaauts)
 A = Elapsed time spent in this place.
 B = Non-inter-level travel time spent in this place.
 C = Inter-level travel time spent in this place.
 D = Time resting spent in this place.
 E = Time spent auto-exploring this place.
 F = Levels seen in this place.
 G = Mean time per level.
                   A        B        C        D        E       F      G
               +--------+--------+--------+--------+--------+-----+--------+
         Total |    302 |    302 |      0 |      0 |    208 |   1 |  302.0 |
       Dungeon |    302 |    302 |      0 |      0 |    208 |   1 |  302.0 |
               +--------+--------+--------+--------+--------+-----+--------+

Top non-repeatable levels by time:
     D:1: 302 daAuts

Table legend:
 A = Kills in this place as a percentage of kills in entire the game.
 B = Kills by you in this place as a percentage of kills by you in the entire game.
 C = Kills by friends in this place as a percentage of kills by friends in the entire game.
 D = Other kills in this place as a percentage of other kills in the entire game.
 E = Experience gained in this place as a percentage of experience gained in the entire game.
 F = Experience gained in this place divided by the number of levels of this place that you have seen.
                   A       B       C       D       E      F
               +-------+-------+-------+-------+-------+----------------------
         Total | 100.0 | 100.0 |   N/A |   N/A | 100.0 |  25.0
       Dungeon | 100.0 | 100.0 |   N/A |   N/A | 100.0 |  25.0
               +-------+-------+-------+-------+-------+----------------------

Action                   || total
-------------------------++-------
Melee: Quarterstaff      ||    31
Armor: Robe              ||     8
Dodge: Dodged            ||    39

Vanquished Creatures
  3 leopard geckos (D:1)
  2 bats (D:1)
  A goblin (D:1)
  2 jackals (D:1)
  A ball python (D:1)
  2 frilled lizards (D:1)
  A kobold (D:1)
  2 rats (D:1)
14 creatures vanquished. You could see a bat and a kobold.

Levels and vault maps discovered:
D:1:      grunt_arrival_crossed_arrows, layout_rooms
